 Seeded DCSS version 0.31-a0-66-ge618eeaa78 (webtiles) character file.

Game seed: 12735965570273765983 (custom seed)

947 Pimp the Skirmisher (level 7, -1/42 HPs)
             Began as a Deep Elf Hunter on May 22, 2023.
             Was an Initiate of Okawaru.
             Slain by a troll (9 damage)
             ... on level 5 of the Dungeon.
             The game lasted 00:07:33 (3949 turns).

Pimp the Skirmisher (Deep Elf Hunter)               Turns: 3949, Time: 00:07:34

Health: -1/42      AC:  4    Str:  8    XL:     7   Next: 89%
Magic:  13/13      EV: 19    Int: 21    God:    Okawaru [......]
Gold:   185        SH:  0    Dex: 20    Spells: 12/12 levels left

rFire   . . .        a - +0 shortbow
rCold   + . .        (shield currently unavailable)
rNeg    . . .        c - +0 leather armour
rPois   .            (no helmet)
rElec   .            (no cloak)
rCorr   .            m - +0 pair of gloves
SInv    .            (no boots)
Will    .....        p - amulet of the acrobat
Stlth   ++++         g - ring of the Present {Fly rC+ Int+5 Dex+2 Stlth+}
HPRegen 0.27/turn    j - +5 ring of evasion
MPRegen 0.13/turn

%: acrobat
@: flying
A: no striking features
a: Renounce Religion


You were on level 5 of the Dungeon.
You worshipped Okawaru.
Okawaru was noncommittal.
You visited 2 branches of the dungeon, and saw 6 of its levels.
You also visited: Ossuary.

You collected 185 gold pieces.

Inventory:

Hand Weapons
 a - a +0 shortbow (weapon)
Armour
 c - a +0 leather armour (worn)
 m - a +0 pair of gloves (worn)
Magical Staves
 f - the staff of conjuration "Kysa" {rN+ Int+2}
   (You acquired it on level 1 of the Dungeon)

   [staff of conjuration]

   Base accuracy: +5 Base damage: 5 Base attack delay: 1.2 This weapon's minimum
   attack delay (0.6) is reached at skill level 12.
   Int:       It affects your intelligence (+2).
   rN:        It protects you from negative energy.
   It falls into the 'Staves' category.
   It is a one-handed weapon.
Jewellery
 g - the ring of the Present (left hand) {Fly rC+ Int+5 Dex+2 Stlth+}
   (You acquired it on level 1 of the Dungeon)

   [ring of flight]

   Int:       It affects your intelligence (+5).
   Dex:       It affects your dexterity (+2).
   rC:        It protects you from cold.
   Fly:       It grants you flight.
   Stlth:     It makes you more stealthy.
 j - a +5 ring of evasion (right hand)
 o - a ring of magical power
 p - an amulet of the acrobat (around neck)
 F - a +4 ring of slaying
Wands
 C - a wand of light (5) (quivered)
 D - a wand of paralysis (11)
Scrolls
 b - 5 scrolls of immolation
 e - 2 scrolls of identify
 q - a scroll of amnesia {unknown}
 s - a scroll of enchant weapon {unknown}
 t - 2 scrolls of blinking {unknown}
 w - a scroll of fear {unknown}
 x - a scroll of torment {unknown}
 y - 2 scrolls of fog {unknown}
 G - a scroll of enchant armour {unknown}
 H - a scroll of teleportation {unknown}
Potions
 d - 8 potions of degeneration
 i - a potion of brilliance
 k - 2 potions of berserk rage
 l - 6 potions of mutation
 n - a potion of attraction {unknown}
 r - a potion of ambrosia {unknown}
 u - 2 potions of resistance {unknown}
 v - a potion of haste {unknown}
 z - a potion of might {unknown}
 A - a potion of enlightenment {unknown}
 B - 2 potions of heal wounds {unknown}
 E - a potion of cancellation {unknown}


   Skills:
 + Level 3.7 Fighting
 * Level 8.4 Ranged Weapons
 + Level 1.8 Armour
 + Level 5.4 Dodging
 - Level 4.2 Stealth
 + Level 3.0 Spellcasting


You had 12 spell levels left.
You didn't know any spells.
Your spell library was empty.

Dungeon Overview and Level Annotations

Branches:
Dungeon (5/15)             Temple (1/1) D:5         Ossuary (visited)

Altars:
Ashenzari
Dithmenos
Fedhas
Gozag
Hepliaklqana
Okawaru
Qazlal
Uskayaw
Vehumet
Wu Jian
Yredelemnul

Shops:
D:3 ?   D:4 =


Message History

The adder closely misses you. The adder bites you.
You shoot an arrow. The arrow hits the adder.
The adder is lightly wounded.
The adder misses you.
You shoot an arrow. The arrow barely misses the adder.
The arrow hits the troll.
The troll is moderately wounded.
The adder completely misses you.
You shoot an arrow. The arrow hits the adder.
The adder is moderately wounded.
The adder closely misses you. The adder completely misses you.
You shoot an arrow. The arrow closely misses the adder.
The arrow barely misses the troll.
The adder barely misses you.
You shoot an arrow. The arrow hits the adder!
You kill the adder!
Okawaru accepts your kill.
You shoot an arrow. The arrow hits the troll.
The troll is moderately wounded.
You hear an angry hiss.
The troll completely misses you. The troll misses you. The troll claws you!
You shoot an arrow.
The arrow hits the troll but does no damage.
The troll is moderately wounded.
The troll bites you! The troll barely misses you. x2
You feel better. The troll completely misses you. The troll claws you.
The troll misses you.
You shoot an arrow. The arrow hits the troll.
The troll is moderately wounded.
The troll barely misses you. The troll closely misses you. The troll claws you.
You shoot an arrow.
The arrow hits the troll but does no damage.
The troll is moderately wounded.
The troll misses you. The troll claws you!
* * * LOW HITPOINT WARNING * * *
The troll barely misses you.
You shoot an arrow. The arrow barely misses the troll.
The arrow hits the iguana!
The iguana is heavily wounded.
The troll closely misses you. The troll claws you!
You die...

≈.≈##.#..### #...# #.S.....
≈.≈##.##...#####l..# #.......
≈.≈#.).............# #.###.#.
..≈##..............# ..# .#
_..##............### ## #### #
#####.......########..
#....[..## #...
#####........####.#
÷...+.........lT@.########
#####......#.####.#...)..# ##
#####......#..##..#......# .#
...##......##...>........# ..#
...##......#######.......#...#
.#.##......#
#####.......#...##
.#.##......#
#................#
.####......###.####......##
#.# ................#
#####.#####.#


You could see a troll and an iguana.

Vanquished Creatures
  An ice beast (D:5)
  A phantom (D:5)
  An elf zombie (D:4)
  A scorpion (D:5)
  2 jellies (D:4)
  A centaur zombie (D:4)
  4 hounds
  A sleepcap (D:5)
  A human zombie (D:4)
  Jessica (D:2)
  A human skeleton (D:4)
  3 iguanas
  An orc wizard (D:3)
  4 mummies (Ossuary)
  4 adders
  A shadow imp (D:5)
  An ufetubus (D:4)
  An adder zombie (D:4)
  4 worms (D:2)
  5 dart slugs
  4 orcs
  8 ball pythons
  7 endoplasms
  A giant cockroach (D:3)
  2 gnoll zombies (Ossuary)
  4 goblins
  10 hobgoblins
  7 jackals
  6 kobolds
  4 quokkas
  3 bats
  3 frilled lizards
  2 hobgoblin zombies (Ossuary)
  3 kobold zombies (Ossuary)
  3 orc skeletons (D:4)
  An orc zombie (Ossuary)
  4 rats
111 creatures vanquished.

Notes
Turn   | Place    | Note
-------+----------+-------------------------------------------
     0 | D:1      | Pimp the Deep Elf Hunter began the quest for the Orb.
     0 | D:1      | Reached XP level 1. HP: 12/12 MP: 3/3
   222 | D:1      | Identified 2 scrolls of acquirement
   222 | D:1      | Acquired the ring of the Present {Fly rC+ Int+5 Dex+2
                  | Stlth+}
   225 | D:1      | Acquired the staff of conjuration "Kysa" {rN+ Int+2}
   240 | D:1      | Reached XP level 2. HP: 17/17 MP: 4/4
   864 | D:2      | Reached XP level 3. HP: 21/21 MP: 5/5
   926 | D:2      | Noticed Jessica
   929 | D:2      | Killed Jessica
   930 | D:2      | Reached XP level 4. HP: 26/26 MP: 6/6
   969 | D:2      | Reached skill level 6 in Ranged Weapons
  1080 | D:2      | Found an opulent altar of Gozag.
  1469 | D:3      | Reached XP level 5. HP: 17/31 MP: 7/7
  1535 | D:3      | Found Liryusam's Magic Scroll Emporium.
  1858 | D:4      | Found a sand-covered staircase.
  1889 | Ossuary  | Entered an ossuary
  2145 | D:4      | Reached XP level 6. HP: 13/37 MP: 8/8
  2401 | D:4      | Found a radiant altar of Vehumet.
  2468 | D:4      | Reached skill level 7 in Ranged Weapons
  2468 | D:4      | Reached skill level 1 in Spellcasting
  2660 | D:4      | Found a basalt altar of Yredelemnul.
  2712 | D:4      | Found Elafyh's Jewellery Emporium.
  2815 | D:4      | Found a hazy altar of Hepliaklqana.
  2815 | D:4      | Found a blossoming altar of Fedhas.
  2872 | D:4      | Reached skill level 1 in Armour
  2872 | D:4      | Reached XP level 7. HP: 33/41 MP: 11/11
  2904 | D:4      | Found a shadowy altar of Dithmenos.
  3135 | D:5      | Entered Level 5 of the Dungeon
  3168 | D:5      | Reached skill level 5 in Dodging
  3303 | D:5      | Found a staircase to the Ecumenical Temple.
  3310 | Temple   | Entered the Ecumenical Temple
  3328 | Temple   | Became a worshipper of Warmaster Okawaru
  3378 | D:5      | Found an ornate altar of the Wu Jian Council.
  3389 | D:5      | Found a hide-covered altar of Uskayaw.
  3487 | D:5      | Reached skill level 8 in Ranged Weapons
  3705 | D:5      | HP: 1/41 [phantom (5)]
  3908 | D:5      | Noticed a troll
  3949 | D:5      | Slain by a troll

Illustrated notes

Levels and vault maps discovered:
D:1:      dpeg_arrival_long_road, layout_loops_cross, hex_tiny
D:2:      layout_rooms, basic_altar, uniq_jessica
D:3:      layout_rooms, serial_shops, shop, st_stairs_8, grunt_ministairs_10
D:4:      layout_basic, vehumet_crystals, lemuel_zombie_altar_yredelemnul,
          nicolae_dithmenos_shadow_blocks, nicolae_overflow_two_pavilions,
          serial_shops, kennysheep_mini, nicolae_ossuary_entry_catacombs
D:5:      layout_basic, nicolae_uskayaw_suspiria, mainiacjoe_overflow_boulevard,
          minmay_temple_entry_slanted, minmay_manual_monstrance
Temple:   jpeg_temple_clearing

Skill      XL: |  1  2  3  4  5  6  7 |
---------------+----------------------+-----
Stealth        | 2 3 4 |  4.2
Fighting       | 2 3 |  3.7
Dodging        | 3 4 5 |  5.4
Ranged Weapons | 6 7 8 |  8.4
Spellcasting   | 1 3 |  3.0
Armour         | 1 |  1.8

Action                     |  1- 3 |  4- 6 |  7- 9 || total
---------------------------+-------+-------+-------++-------
  Melee: Shortbow          |       |     2 |       ||     2
   Fire: Shortbow          |    57 |   277 |   115 ||   449
  Evoke: Wand              |       |       |     4 ||     4
    Use: Scroll            |     2 |       |     1 ||     3
         Potion            |       |       |     4 ||     4
 Armour: Leather armour    |       |    22 |     7 ||    29
  Dodge: Dodged            |     1 |   107 |    85 ||   193

Table legend: (Time is in decaauts)
 A = Elapsed time spent in this place.
 B = Non-inter-level travel time spent in this place.
 C = Inter-level travel time spent in this place.
 D = Time resting spent in this place.
 E = Time spent auto-exploring this place.
 F = Levels seen in this place.
 G = Mean time per level.
                   A        B        C        D        E       F      G
               +--------+--------+--------+--------+--------+-----+--------+
         Total |   4000 |   3898 |    102 |    463 |   2552 |   7 |  571.4 |
       Dungeon |   3743 |   3641 |    102 |    463 |   2413 |   5 |  748.6 |
        Temple |     33 |     33 |      0 |      0 |      0 |   1 |   33.0 |
       Ossuary |    224 |    224 |      0 |      0 |    139 |   1 |  224.0 |
               +--------+--------+--------+--------+--------+-----+--------+

Top non-repeatable levels by time:
     D:4: 1140 daAuts
     D:1: 863 daAuts
     D:5: 787 daAuts
     D:3: 534 daAuts
     D:2: 417 daAuts
 Ossuary: 224 daAuts
  Temple: 33 daAuts
